 Dungeon Crawl Stone Soup version 0.18.1-1-g2f07953 (webtiles) character file.

229 Danakh the Covered (level 5, -2/47 HPs)
             Began as a Minotaur Fighter on May 13, 2016.
             Was a Follower of Ru.
             Slain by an ogre
             ... wielding a cursed -2 giant club
              (23 damage)
             ... on level 4 of the Dungeon.
             The game lasted 00:05:43 (1985 turns).

Danakh the Covered (Minotaur Fighter)               Turns: 1985, Time: 00:05:44

Health: -2/47      AC:  7    Str: 21    XL:     5   Next: 71%
Magic:  4/4        EV:  8    Int:  5    God:    Ru [*.....]
Gold:   141        SH:  9    Dex: 10    Spells: 0 memorised, 4 levels left

rFire  . . .     SeeInvis .     a - +0 war axe
rCold  . . .     Gourm    .     b - +0 scale mail
rNeg   . . .     Faith    .     c - +0 shield
rPois  .         Spirit   .     (helmet restricted)
rElec  .         Dismiss  .     (no cloak)
rCorr  .         Reflect  .     (no gloves)
SustAt .         Harm     .     (no boots)
MR     .....                    (no amulet)
Stlth  ..........               (no ring)
                                (no ring)

@: not resistant to hostile enchantments, extremely unstealthy
A: retaliatory headbutt, horns 2, hated by all
a: Renounce Religion


You were on level 4 of the Dungeon.
You worshipped Ru.
Ru was aware of your devotion.
You were hungry.

You visited 1 branch of the dungeon, and saw 4 of its levels.

You collected 141 gold pieces.

Inventory:

Hand Weapons
 a - a +0 war axe (weapon)
Armour
 b - a +0 scale mail (worn)
 c - a +0 shield (worn)
 v - a +0 cloak
Scrolls
 e - 2 scrolls of identify {unknown}
 g - a scroll of recharging {unknown}
 h - 2 scrolls of fear {unknown}
 k - 3 scrolls of enchant armour {unknown}
 m - 4 scrolls of magic mapping {unknown}
 p - a scroll of teleportation {unknown}
 r - a scroll of fog {unknown}
 t - a scroll of remove curse {unknown}
 x - a scroll of enchant weapon {unknown}
Potions
 d - a potion of might
 i - a potion of cancellation {unknown}
 j - a potion of lignification {unknown}
 q - a potion of curing {unknown}
 s - a potion of flight {unknown}
 u - a potion of magic {unknown}
 w - a potion of heal wounds {unknown}
Comestibles
 f - 3 bread rations
 l - 2 meat rations
 n - 8 fruits
 o - 3 slices of pizza


   Skills:
 + Level 4.4 Fighting
 + Level 3.6 Axes
 + Level 5.3 Armour
 + Level 2.2 Dodging
 + Level 4.7 Shields


You had 4 spell levels left.
You didn't know any spells.

Dungeon Overview and Level Annotations

Branches:
Dungeon (4/15)
 Temple: D:4-7

Altars:
Cheibriados
Ru


Innate Abilities, Weirdness & Mutations

You reflexively headbutt those who attack you in melee.
You have a pair of horns on your head.
You are hated by all.


Message History

The giant cockroach bites you but does no damage.
You block the ogre's attack.
Unknown command.
Your shield and scale mail prevent you from hitting the giant cockroach.
The giant cockroach is lightly wounded.
You hit the ogre.
The ogre is lightly wounded.
You block the giant cockroach's attack. The giant cockroach bites you.
The ogre hits you with a giant club!
You slash the giant cockroach!
You kill the giant cockroach!
You hit the ogre.
The ogre is lightly wounded.
The ogre closely misses you.
Unknown command.
Unknown command.
You barely miss the ogre.
The ogre is lightly wounded.
The ogre hits you with a giant club!!
You die...

#......
..........###
#......
............#
##.....
............#
##....
............#
##... ...........#
###. ..........#
## ......O†.#
#####. ......†@.##
#..#.. ......##..#
#....# ..... ##.##
#....# .... ##.##
#....# ... #..##
##....# ..
##..#####....## .
##..##........
..#####.........#.
................##


You could see an ogre.

Vanquished Creatures
  2 howler monkeys (D:4)
  A hound (D:4)
  5 adders
  An ooze (D:3)
  3 worms
  5 dart slugs
  A giant cockroach (D:4)
  6 hobgoblins
  7 jackals
  5 kobolds
  4 bats
  A giant newt (D:4)
  11 goblins
  6 rats
58 creatures vanquished.

Vanquished Creatures (others)
  A ball python (D:2)
1 creature vanquished.

Grand Total: 59 creatures vanquished

Notes
Turn   | Place    | Note
--------------------------------------------------------------
     0 | D:1      | Danakh the Minotaur Fighter began the quest for the Orb.
     0 | D:1      | Reached XP level 1. HP: 19/19 MP: 0/0
    91 | D:1      | Reached XP level 2. HP: 24/27 MP: 1/1
   235 | D:1      | Reached skill level 4 in Armour
   687 | D:1      | Reached XP level 3. HP: 32/33 MP: 2/2
   883 | D:2      | Found a faded altar to an unknown god.
   901 | D:2      | Became a worshipper of Ru the Awakened
   918 | D:2      | Gained mutation: You are hated by all. [Ru sacrifice]
   918 | D:2      | Reached * piety under Ru
   988 | D:2      | Reached XP level 4. HP: 40/40 MP: 3/3
  1456 | D:3      | Reached skill level 5 in Armour
  1740 | D:3      | Found a snail-covered altar of Cheibriados.
  1974 | D:4      | Reached XP level 5. HP: 40/47 MP: 4/4
  1978 | D:4      | Reached skill level 1 in Dodging
  1979 | D:4      | Noticed an ogre
  1985 | D:4      | Slain by an ogre

Skill      XL: |  1  2  3  4  5 |
---------------+----------------+-----
Armour         | 4 5 |  5.3
Fighting       | 4 |  4.4
Shields        | 4 |  4.7
Axes           | 3 |  3.6
Dodging        | 2 |  2.2

Action                   |  1- 3 |  4- 6 || total
-------------------------+-------+-------++-------
Melee: War axe           |    68 |    85 ||   153
       Headbutt          |    12 |    10 ||    22
Invok: Sacrifice Love    |     1 |       ||     1
  Eat: Chunk             |       |     3 ||     3
Armor: Scale mail        |    30 |    49 ||    79
Dodge: Dodged            |    19 |    35 ||    54
Block: Shield            |    39 |    63 ||   102
